Cogmind - Beta 12 @@@ ROGUE MODE // 2023.09.25 @ 00:57:40 Player: most_lamentable Result: Destroyed by H-61 Shepherd via exploding Nuclear Reactor Performance ------------- Evolutions (2) 1000 Regions Visited (7) 1400 Robots Destroyed (23) 115 Value Destroyed (745) 745 Prototype IDs (27) 540 Alien Tech Used (0) 0 Bonus (300) 300 TOTAL SCORE: 4100 Bonus ------- Aligned with FarCom 300 Cogmind --------- Core Integrity 0/550 Matter 300/300 Energy 99/100 System Corruption 0% Temperature Cool (0) Movement Core (50) Location -8/Materials Parts ------- > --- POWER (1) -------- (None) > --- PROPULSION (4) --- (None) > --- UTILITY (4) ------ (None) > --- WEAPON (2) ------- (None) > --- INVENTORY (5) ---- Reflective Plating Improved Datajack Improved Datajack Improved Datajack Blade Saw Peak State ------------ > --- POWER ------------ Light Nuclear Core > --- PROPULSION ------- Aluminum Leg Aluminum Leg Aluminum Leg Carbon-fiber Leg > --- UTILITY ---------- Large Storage Unit Modified TNC ECM Suite Hacking Suite > --- WEAPON ----------- Pulse Rifle Blade Saw > --- INVENTORY -------- Light Ion Engine Aluminum Leg Compact Wheel Small Storage Unit Medium Storage Unit High-capacity Battery Medium Matter Pod Reaction Control System Reflective Plating Reflective Plating Shock Rifle Improved Datajack Improved Datajack Improved Datajack Improved Datajack [Rating: 29] Favorites ----------- Power Ion Engine Engine Ion Engine Power Core Light Nuclear Core Propulsion Aluminum Leg Leg Aluminum Leg Wheel Compact Wheel Flight Unit Improved Flight Unit Utility Large Storage Unit Device ECM Suite Storage Large Storage Unit Processor Modified TNC Hackware Hacking Suite Protection Reflective Plating Weapon Heavy Assault Rifle Energy Gun Pulse Rifle Ballistic Gun Heavy Assault Rifle Launcher Rocket Launcher Slashing Weapon Blade Saw Build | -11 -10 -10 -9 -9 -9 -8 -8 ------- Run | Jun Mat Min Mat Min Exi Min Mat Slots Evolved 4 | . . . 2 . . . 2 Power . | . . . . . . . . Propulsion 2 | . . . 1 . . . 1 Utility 2 | . . . 1 . . . 1 Weapon . | . . . . . . . . Parts Attached 44 | 6 6 2 16 1 . 3 10 Power 7 | 1 1 1 2 . . . 2 Engine 5 | 1 1 1 2 . . . . Core 2 | . . . . . . . 2 Reactor . | . . . . . . . . Propulsion 15 | 1 2 1 7 . . 1 3 Treads . | . . . . . . . . Leg 13 | 1 2 . 6 . . 1 3 Wheel 1 | . . 1 . . . . . Hover . | . . . . . . . . Flight 1 | . . . 1 . . . . Utility 10 | 1 2 . 4 . . . 3 Device 4 | . 1 . 2 . . . 1 Storage 2 | 1 1 . . . . . . Processor 1 | . . . . . . . 1 Hackware 1 | . . . . . . . 1 Protection 2 | . . . 2 . . . . Artifact . | . . . . . . . . Weapon 12 | 3 1 . 3 1 . 2 2 Energy Gun 4 | 1 . . 1 . . 1 1 Energy Cannon . | . . . . . . . . Ballistic Gun 6 | 2 1 . 2 . . 1 . Ballistic Cannon . | . . . . . . . . Launcher 1 | . . . . 1 . . . Special Weapon . | . . . . . . . . Impact Weapon . | . . . . . . . . Slashing Weapon 1 | . . . . . . . 1 Piercing Weapon . | . . . . . . . . Special Melee Weapon . | . . . . . . . . Unidentified Prototypes 1 | . . . 1 . . . . Parts Lost 11 | . . 2 1 . . 2 6 Power 3 | . . 1 1 . . . 1 Propulsion 4 | . . . . . . 1 3 Utility 2 | . . 1 . . . . 1 Weapon 2 | . . . . . . 1 1 Highest Loss Streak 6 | . . 1 1 . . 1 6 To Critical Strikes . | . . . . . . . . Average Slot Usage (%) 98 | . 99 94 99 100 100 99 94 Engine 10 | . 14 14 10 11 11 11 2 Core 1 | . . . . . . . 5 Leg 31 | . 27 17 33 33 33 32 34 Device 11 | . 13 9 17 11 11 11 8 Storage 11 | . 14 14 11 11 11 11 8 Processor 1 | . . . . . . . 8 Hackware 1 | . . . . . . . 6 Protection 6 | . . . 4 11 11 11 2 Energy Gun 2 | . . . 4 . . . 10 Ballistic Gun 14 | . 28 28 17 11 11 14 . Launcher 4 | . . . . 10 11 6 . Slashing Weapon 1 | . . . . . . . 6 Naked Turns 50 | . . . . . . . 50 Heaviest Build 38 | 12 28 28 37 38 38 38 36 Greatest Support 45 | 10 20 20 30 30 30 30 45 Greatest Overweight (x) 1 | 1 1 1 1 1 1 1 . Average Overweight (x) . | . 1 1 . 1 1 1 . Largest Inventory Capacity 15 | 8 15 15 15 15 15 15 15 Average Capacity 14 | 7 14 15 15 15 15 15 14 Most Carried 15 | 6 15 15 15 15 15 15 15 Average Carried 13 | 3 11 14 13 15 15 14 13 Final Capacity 15 | 8 15 15 15 15 15 15 5 Final Carried 15 | 6 15 14 15 15 15 14 5 Class Distribution -------------------- 61% | Scavenger-Mutant 38% | Mutant Dominant Class ---------------- Mutant | -10/Materials Mutant | -10/Mines Scavenger-Mutant | -9/Materials Scavenger-Mutant | -9/Mines Scavenger-Mutant | -9/Exiles Scavenger-Mutant | -8/Mines Mutant | -8/Materials Resources | -11 -10 -10 -9 -9 -9 -8 -8 ----------- Run | Jun Mat Min Mat Min Exi Min Mat Matter Collected 890 | 183 253 . 267 26 . 91 70 Remotely . | . . . . . . . . Salvage Created 841 | . 247 . 416 . . 59 119 Parts 51 | . 9 . 29 . . 10 3 Haulers Intercepted . | . . . . . . . . Recyclers Shooed 2 | . . . 1 . . . 1 Parts Field Recycled . | . . . . . . . . Retrieved Matter . | . . . . . . . . Parts Self-Destructed . | . . . . . . . . Prevented . | . . . . . . . . Kills | -11 -10 -10 -9 -9 -9 -8 -8 ------- Run | Jun Mat Min Mat Min Exi Min Mat Combat Hostiles Destroyed 20 | . 5 . 8 . . 5 2 Guns 18 | . 5 . 8 . . 4 1 AOE 2 | . . . . . . 1 1 Classes Destroyed 8 | . 2 . 2 . . 2 2 Builder 1 | . 1 . . . . . . Operator 1 | . . . . . . . 1 Watcher 1 | . . . 1 . . . . Swarmer 4 | . . . . . . 4 . Grunt 10 | . 5 . 4 . . . 1 Duelist 1 | . . . . . . . 1 Sentry 4 | . . . 4 . . . . Hunter 1 | . . . . . . 1 . Best Kill Streak 4 | . 2 . 4 . . 4 3 Combat Bots Only 4 | . 2 . 4 . . 4 2 Max Kills in Single Turn 2 | . 1 . 1 . . 1 2 Gunslinging . | . . . . . . . . Exploded 1 | . . . . . . 1 1 Melee . | . . . . . . . . Uniques/NPCs Destroyed . | . . . . . . . . Combat | -11 -10 -10 -9 -9 -9 -8 -8 -------- Run | Jun Mat Min Mat Min Exi Min Mat Damage Taken 2340 | . 263 463 255 . . 295 1064 Core 853 | . 54 135 43 . . 28 593 Absorbed by Shields . | . . . . . . . . Core Remaining (%) 68 | 100 . 24 . . . 82 . Volleys Fired 67 | . 23 . 20 . . 12 12 Largest 2 | . 2 . 2 . . 1 2 Hottest 113 | . 40 . 68 . . 33 113 Shots Fired 118 | . 46 . 40 . . 12 20 Gun 112 | . 46 . 40 . . 6 20 Cannon . | . . . . . . . . Launcher 6 | . . . . . . 6 . Special . | . . . . . . . . Kinetic 73 | . 46 . 21 . . 6 . Thermal 12 | . . . . . . . 12 Explosive 6 | . . . . . . 6 . Electromagnetic 27 | . . . 19 . . . 8 Robot Hit Streak 10 | . 10 . 9 . . 5 4 Robot Miss Streak 2 | . 2 . 2 . . 1 2 Penetration Max . | . . . . . . . . Secondary Targets . | . . . . . . . . Shots Hit Robots 80 | . 34 . 26 . . 9 11 Core Hits 42 | . 14 . 14 . . 8 6 Critical Kills 1 | . 1 . . . . . . Critical Parts Destroyed . | . . . . . . . . Critical Strikes 1 | . 1 . . . . . . Destroy 1 | . 1 . . . . . . Melee Attacks 12 | . . . . . . . 12 Impact . | . . . . . . . . Slashing 12 | . . . . . . . 12 Piercing . | . . . . . . . . Sneak Attacks . | . . . . . . . . Combat Hostiles . | . . . . . . . . Follow-up Attacks . | . . . . . . . . Damage Inflicted 1389 | . 281 . 456 . . 266 386 Guns 984 | . 281 . 414 . . 77 212 Cannons . | . . . . . . . . Explosions 386 | . . . 42 . . 188 156 Melee . | . . . . . . . . Ramming 19 | . . . . . . 1 18 Kinetic 597 | . 281 . 239 . . 77 . Thermal 318 | . . . 42 . . . 276 Explosive 188 | . . . . . . 188 . Electromagnetic 267 | . . . 175 . . . 92 Impact . | . . . . . . . . Slashing . | . . . . . . . . Piercing . | . . . . . . . . Highest Corruption . | . . . . . . . . Average Corruption . | . . . . . . . . Corruption Purged . | . . . . . . . . Corruption Blocked . | . . . . . . . . Overload Shots . | . . . . . . . . Overflow Damage 34 | . . . . . . 9 25 Projectiles . | . . . . . . . . Explosions 34 | . . . . . . 9 25 Melee . | . . . . . . . . Knockbacks . | . . . . . . . . Impact . | . . . . . . . . Kinetic . | . . . . . . . . Secondary . | . . . . . . . . Self-Inflicted Damage 155 | . . . . . . 102 53 Shots 5 | . . . . . . 4 1 Rammed 4 | . . . . . . . 4 Targets Rammed 7 | . . . . . . 3 4 Kicked 3 | . . . . . . 3 . Crushed . | . . . . . . . . Highest Temperature 467 | . 12 2 61 . . . 467 Average Temperature 95 | . 8 2 23 . . . 199 Received Heat Transfer 660 | . 147 60 75 . . . 378 Effects 1 | . . . . . . . 1 Damage (minor) 1 | . . . . . . . 1 Siege Activations . | . . . . . . . . Robots Corrupted . | . . . . . . . . Combat Hostiles . | . . . . . . . . Parts Fried . | . . . . . . . . Impact Corruptions . | . . . . . . . . Robots Melted . | . . . . . . . . Combat Hostiles . | . . . . . . . . Parts Melted . | . . . . . . . . Heat Transferred 559 | . . . 100 . . . 459 Parts Sabotaged . | . . . . . . . . Parts Stolen . | . . . . . . . . Parts Stripped . | . . . . . . . . Power Chain Reactions 2 | . . . 1 . . . 1 Missiles Intercepted . | . . . . . . . . Alert | -11 -10 -10 -9 -9 -9 -8 -8 ------- Run | Jun Mat Min Mat Min Exi Min Mat Peak Influence 206 | . 106 23 206 . . 90 49 Initial 23 | . . 23 . . . . . Average 29 | . 39 8 89 . . 27 6 Maximum Alert Level 1 | . . . 1 . . . . Low Security (%) 99 | 100 100 100 98 100 . 100 100 Level 1 . | . . . 1 . . . . Level 2 . | . . . . . . . . Level 3 . | . . . . . . . . Level 4 . | . . . . . . . . Level 5 . | . . . . . . . . High Security . | . . . . . . . . Max Security . | . . . . . . . . Squads Dispatched 4 | . 2 . 1 . . . 1 Investigation . | . . . . . . . . Extermination . | . . . . . . . . Reinforcement 4 | . 2 . 1 . . . 1 Assault . | . . . . . . . . Garrison . | . . . . . . . . Intercept . | . . . . . . . . Searches Triggered . | . . . . . . . . Construction Impeded . | . . . . . . . . Haulers Reinforced . | . . . . . . . . Active Scanning Responses . | . . . . . . . . Cargo Convoy Interrupts . | . . . . . . . . Stealth | -11 -10 -10 -9 -9 -9 -8 -8 --------- Run | Jun Mat Min Mat Min Exi Min Mat Distress Signals 4 | . . . 2 . . . 2 Communications Jammed . | . . . . . . . . Distress Signals . | . . . . . . . . Times Spotted 56 | . 11 10 16 . . 5 14 Peak Tracking Total 12 | . 4 12 4 . . 4 6 Tactical Retreats 9 | . 2 2 2 . . . 3 Traps | -11 -10 -10 -9 -9 -9 -8 -8 ------- Run | Jun Mat Min Mat Min Exi Min Mat Traps Triggered . | . . . . . . . . Indirectly . | . . . . . . . . Trap Hack Attempts . | . . . . . . . . Triggered . | . . . . . . . . Disarmed . | . . . . . . . . Reprogrammed . | . . . . . . . . Reused . | . . . . . . . . Traps Extracted . | . . . . . . . . Installed . | . . . . . . . . Triggered 1 | . . . 1 . . . . Machines | -11 -10 -10 -9 -9 -9 -8 -8 ---------- Run | Jun Mat Min Mat Min Exi Min Mat Machines Disabled 2 | . . . 1 . . . 1 Max in Single Turn 1 | . . . 1 . . . 1 Machines Repaired . | . . . . . . . . Machines Sabotaged . | . . . . . . . . Overloaded Fab Kills . | . . . . . . . . Hacking | -11 -10 -10 -9 -9 -9 -8 -8 --------- Run | Jun Mat Min Mat Min Exi Min Mat Machines Accessed 15 | . 6 . 5 . 1 . 3 Terminals 12 | . 5 . 4 . . . 3 Fabricators . | . . . . . . . . Repair Stations . | . . . . . . . . Recycling Units 2 | . 1 . 1 . . . . Scanalyzers . | . . . . . . . . Garrison Access . | . . . . . . . . Total Hacks 33 | . 11 . 11 . 1 . 10 Successful 22 | . 8 . 8 . 1 . 5 Failed 11 | . 3 . 3 . . . 5 Catastrophic 2 | . . . 1 . . . 1 Database Lockouts . | . . . . . . . . Manual 23 | . 8 . 7 . 1 . 7 Terminals 30 | . 10 . 10 . . . 10 Fabricators . | . . . . . . . . Repair Stations . | . . . . . . . . Recycling Units 2 | . 1 . 1 . . . . Scanalyzers . | . . . . . . . . Garrison Access . | . . . . . . . . Terminal Hacks 18 | . 5 . 7 . 1 . 5 Record 1 | . . . . . . . 1 Robot Analysis 3 | . . . 2 . . . 1 Prototype ID Bank 2 | . 1 . 1 . . . . Branch Access Points 3 | . 1 . 1 . . . 1 Emergency Access Points 1 | . . . . . . . 1 Terminal Index 3 | . 1 . 1 . . . 1 Alert Level 2 | . 1 . 1 . . . . Maintenance Status 1 | . 1 . . . . . . Hauler Manifests 1 | . . . 1 . . . . EX-Prototype ID Bank 1 | . . . . . 1 . . Fabricator Hacks . | . . . . . . . . Repair Station Hacks . | . . . . . . . . Recycling Unit Hacks . | . . . . . . . . Scanalyzer . | . . . . . . . . Garrison Access Hacks . | . . . . . . . . Unauthorized Hacks 4 | . 3 . 1 . . . . Terminals 2 | . 2 . . . . . . Assimilate 2 | . 2 . . . . . . Fabricators . | . . . . . . . . Repair Stations . | . . . . . . . . Recycling Units 2 | . 1 . 1 . . . . Reject 2 | . 1 . 1 . . . . Scanalyzers . | . . . . . . . . Garrison Access . | . . . . . . . . Data Cores Recovered . | . . . . . . . . Used . | . . . . . . . . Hacking Detections 9 | . 3 . 3 . . . 3 Full Trace Events . | . . . . . . . . Feedback Events . | . . . . . . . . Feedback Blocked . | . . . . . . . . Robot Schematics Acquired . | . . . . . . . . Robots Built . | . . . . . . . . Authchips . | . . . . . . . . Time . | . . . . . . . . Total Robot Build Rating . | . . . . . . . . Part Schematics Acquired . | . . . . . . . . Parts Built . | . . . . . . . . Authchips . | . . . . . . . . Time . | . . . . . . . . Total Part Build Rating . | . . . . . . . . Parts Repaired . | . . . . . . . . Time . | . . . . . . . . Parts Recycled . | . . . . . . . . Recycled Matter . | . . . . . . . . Retrieved Matter . | . . . . . . . . Retrieved Components . | . . . . . . . . Parts Scanalyzed . | . . . . . . . . Part Schematics Acquired . | . . . . . . . . Parts Damaged . | . . . . . . . . Bothacking | -11 -10 -10 -9 -9 -9 -8 -8 ------------ Run | Jun Mat Min Mat Min Exi Min Mat Used RIF Installer . | . . . . . . . . Robots Hacked . | . . . . . . . . Non-combat . | . . . . . . . . Combat . | . . . . . . . . Robot Hacks Applied . | . . . . . . . . Relay Couplers Released . | . . . . . . . . Fabnet Peak Effective % . | . . . . . . . . Robots Rewired . | . . . . . . . . Allies Hacked . | . . . . . . . . Hacks Repelled . | . . . . . . . . Allies | -11 -10 -10 -9 -9 -9 -8 -8 -------- Run | Jun Mat Min Mat Min Exi Min Mat Total Allies 2 | . 2 . . . . . . Largest Group 1 | . 1 1 . . . . . Highest-Rated Group 10 | . 10 10 . . . . . Highest-Rated Ally 10 | . 10 10 . . . . . Total Orders . | . . . . . . . . Ally Attacks . | . . . . . . . . Total Damage . | . . . . . . . . Kills . | . . . . . . . . Allies Corrupted . | . . . . . . . . Allies Melted . | . . . . . . . . Intel | -11 -10 -10 -9 -9 -9 -8 -8 ------- Run | Jun Mat Min Mat Min Exi Min Mat Robot Analysis Total 3 | . . . 2 . . . 1 Derelict Logs Recovered . | . . . . . . . . Drone Launches . | . . . . . . . . Drone Recoveries . | . . . . . . . . Exploration | -11 -10 -10 -9 -9 -9 -8 -8 ------------- Run | Jun Mat Min Mat Min Exi Min Mat Turns Passed 5482 | 123 926 172 801 865 633 975 987 Spaces Moved 2626 | 60 425 124 342 440 333 454 448 Core 82 | 1 . . . . . . 81 Treads . | . . . . . . . . Legs 2441 | 59 425 21 342 440 333 454 367 Wheels 103 | . . 103 . . . . . Hover . | . . . . . . . . Flight . | . . . . . . . . Fastest Speed 50 | 50 190 115 120 190 190 190 50 Average Speed 172 | 178 190 127 187 190 190 190 107 Slowest Speed 190 | 190 190 190 190 190 190 190 120 Overloaded Moves . | . . . . . . . . Propulsion Burnouts . | . . . . . . . . Robots Hopped . | . . . . . . . . Cave-ins Triggered . | . . . . . . . . Exploration Rate (%) 51 | 5 61 45 27 82 71 85 33 Regions Visited 7 Branch Regions 4 Pre-discovered Areas . | . . . . . . . . Known Exits Taken 2 | . 1 . 1 . . . . Unknown Exits Taken 5 | 1 . 1 . 1 1 1 . Scrap Searched 2 | . . . . 1 . 1 . Spaces Dug . | . . . . . . . . Terrain Destroyed 48 | . . . 2 . . 43 3 Melee . | . . . . . . . . Projectile . | . . . . . . . . AOE 48 | . . . 2 . . 43 3 Terrain Rammed . | . . . . . . . . Walls Destroyed . | . . . . . . . . Machines Disabled . | . . . . . . . . Actions | -11 -10 -10 -9 -9 -9 -8 -8 --------- Run | Jun Mat Min Mat Min Exi Min Mat Total 3452 | 76 508 137 466 469 334 552 910 Wait 624 | . 37 12 59 28 . 78 410 Move 2619 | 59 424 123 341 439 332 453 448 Hop . | . . . . . . . . Pick Up 52 | 11 14 . 17 . 1 1 8 Fast Attach 4 | . . . 1 1 . 2 . Attach 17 | 5 2 1 5 . . 1 3 Detach . | . . . . . . . . Swap 23 | 1 4 1 10 . . . 7 Drop 27 | . 4 . 13 1 1 2 6 Fire 67 | . 23 . 20 . . 12 12 Melee 12 | . . . . . . . 12 Ram 4 | . . . . . . . 4 Kick 3 | . . . . . . 3 . Crush . | . . . . . . . . Escape Stasis . | . . . . . . . . Rewire . | . . . . . . . . Trap . | . . . . . . . . Miscellaneous . | . . . . . . . . Route ------- -11/Junkyard -10/Materials (discovered 3 exits: *Mat / *Min x2) -10/Mines -9/Materials -9/Mines (discovered 2 exits: *Mat / *Exi) -9/Exiles -8/Mines -8/Materials (discovered 3 exits: [*Fac] / Sto x2) History --------- Turn | Location | Event 33 | -11/Junkyard | Discovered new exit (range 14) 124 | -11/Junkyard | Entered Materials 140 | -10/Materials | Discovered new exit (range 15) 311 | -10/Materials | Build established: Mutant 605 | -10/Materials | Identified exit to Mines 805 | -10/Materials | Discovered new exit (range 11) 1050 | -10/Materials | Entered Mines 1050 | -10/Mines | Accompanied by 1 ally 1052 | -10/Mines | Met a Derelict bent on vengeance 1053 | -10/Mines | Assembled infested the area 1058 | -10/Mines | Assisted by a Guerilla fighting off Assembled 1111 | -10/Mines | Core integrity fell below 50% 1186 | -10/Mines | Discovered new exit (range 6) 1222 | -10/Mines | Entered Materials 1222 | -9/Materials | Evolved 2 slots: Propulsion x1, Utility x1 1435 | -9/Materials | Identified exit to Mines 1944 | -9/Materials | Build established: Scavenger-Mutant 2023 | -9/Materials | Entered Mines 2030 | -9/Mines | Received a Rocket Launcher from a helpful Derelict 2172 | -9/Mines | Discovered new exit (range 14) 2880 | -9/Mines | Deemed a non-threat by the Exiles lab entrance 2880 | -9/Mines | Discovered new exit (range 5) 2888 | -9/Mines | Entered Exiles 2936 | -9/Exiles | Met 8R-AWN 2968 | -9/Exiles | Met EX-HEX 3039 | -9/Exiles | Met EX-DEC 3251 | -9/Exiles | Met EX-BIN 3278 | -9/Exiles | Aligned with FarCom system 3280 | -9/Exiles | Given EX-Vault access code 3325 | -9/Exiles | Opened EX-Vault 3339 | -9/Exiles | Found Modified TNC 3382 | -9/Exiles | Warned to stay clear of 0b10 Research branches 3496 | -9/Exiles | Discovered new exit (range 14) 3521 | -9/Exiles | Left Exiles lab with Modified TNC 3521 | -9/Exiles | Entered Mines 4286 | -8/Mines | Discovered new exit (range 9) 4496 | -8/Mines | Entered Materials 4496 | -8/Materials | Evolved 2 slots: Propulsion x1, Utility x1 4921 | -8/Materials | Identified exit to Storage 5164 | -8/Materials | Build established: Mutant 5433 | -8/Materials | Released all parts (6) 5457 | -8/Materials | Core integrity fell below 50% 5463 | -8/Materials | Lost 6 parts (1p3n1u1w) 5483 | -8/Materials | Discovered new exit (range 3) 5483 | -8/Materials | Destroyed by H-61 Shepherd via exploding Nuclear Reactor Last Messages --------------- 05433_ Released Modified TNC. 05433_ Released Lrg. Storage Unit. 05433_ Released Carbon-fiber Leg. 05433_ Released Shock Rifle. 05435_ U-05 Engineer builds a Wall. 05436_ K-01 Serf collects debris. 05438_ Slug penetrates Wall. 05439_ U-05 Engineer builds a Door. 05440_ K-01 Serf collects debris. 05453_ Slug penetrates Wall. 05456_ Penetrated by Slug. 05458_ Slammed into G-47 Trooper. 05464_ Penetrated by Slug. 05469_ Slammed into K-01 Serf. 05475_ Connecting with Terminal... 05477_ W-25 Informer sends out distress signal. 05483_ EXIT=FOUND 05483_ W-25 Informer sends out distress signal. 05483_ Penetrated by Slug. 05483_ Nuclear Reactor explodes. Map ----- +----------------------------------------------------+ | ??????#* ! # # """ # | | ##????########### ############## # # | | #????????????? #????????????# # ! ] # | | #????????????? +????????????# # !] # | | #????????????= # ?????####### # !] # | | #????????????? # ?????# # # # | | #????????????| #? ????# # ######## | | #????????????? #? ???# # # #? | | ##?????????????## #??????# + # T #? | | ################# ######## # # #? | | * # %# ! #g# #? | | # """ # #g# #? | | " """ """ """ # """ ####### # ! #? | | " """ """ """ + """ ####### ##+####? | | " """ """ """ # + #???? | | # * #### ##+####? | | ########### ## !#? | | " """ """ """ # = + ## #? | | " """ """ """ # ! ## ## #? | | " """ """ """ # ## ## ""#? | | g # # ## ""#? | | g ! # ## ## T"#? | | ########## # ## ## ""#? | | ?????????# # + ""#? | | ?????????# # ## ## #? | | ?????????# ### @ ## #######? | | ?????????# ## #??????? | | ?????????# < #### #??????? | | ?????????# """ #??# #??????? | | ?????????# """"" #####??#+#??????? | | ?????????# """"" ????????????????? | | ?????????# """"" ????????????????? | | ?????????? w """ ????????????????? | | ?????????? ??w ????????????????? | | ?????????? ? ???? ????????????????? | | ?????????? ??????? ????????????????? | | ???????????????????? ###????????????????? | | ???????????????????? ???????????????????? | | ???????????????????? ????????????Y??????? | | ?????????????????????????????????????????? | | ????????????????????H????????????????????? | | ?????????????????????????????????????????? | | ?????????????????????????????????????????? | | ?????????????????????????????????????????? | | ?????????????????????????????????????????? | | ?????????????????????????????????????????? | | ?????????????????????????????????????????? | | ?????????????????????????????????????????? | | ?????????????????????????????????????????? | | ?????????????????????????????????????????? | +----------------------------------------------------+ Best States ------------- Heat Dissipation 31 Energy Generation 14 Energy Capacity 250 Matter Stores 300 Matter Capacity 300 Sight Range 16 Terrain Scan Range 14 Terrain Scan Density 10 ECM Strength 1 Armor Coverage 150 Resistance: TH 10 Evasion (%) 55 Offensive Hacking 10 Item Schematics ----------------- None Robot Schematics ------------------ None Fabricated ------------ Nothing Alien Tech Used ----------------- None Achievements -------------- Armchair Analyst I Survived The Infestation Slippery One Challenges ------------ None Game ------ Seed XenonGravitonSaw Manual? 0 Play Time 01:05:18 Cumulative 18.1 hours Start 2023.09.24 @ 23:40:52 End 2023.09.25 @ 00:57:40 Sessions 1 Manual Loads 0 Difficulty Rogue Special Mode None Game No. 15 Rogue 15 Adventurer 0 Explorer 0 Win Type - Total 0 Types 0/0/0/0/0/0/0/0/0 Lore% 18 Gallery% 18 Achievement% 19 Wizard Run 0 Options --------- ASCII 0 Keyboard 0 Movement Mouse Keybinds 0 Fullscreen 2 Font 18/SmallcapsGlow Map View 76x50 Tactical HUD 1 Map Filters NONE Filters NONE Steam 1 RUN: ff8755f4-fc4f-4de9-9e42-62344e50d666